 Dungeon Crawl Stone Soup version 0.31-a0-1499-ge0622b2318 (webtiles) character file.

Game seed: 1860100048476028964

174196 bmb222 the Warrior (level 17, -10/138 (149) HPs)
             Began as a Minotaur Fighter on Dec 29, 2023.
             Was the Champion of Hepliaklqana.
             Mangled by Donald
             ... wielding a +2 scimitar of draining
              (28 damage)
             ... on level 3 of the Snake Pit.
             The game lasted 00:42:52 (31020 turns).

bmb222 the Warrior (Minotaur Fighter)              Turns: 31020, Time: 00:42:52

HP:   -10/138 (149) AC: 29    Str: 33    XL:     17   Next: 44%
MP:   21/21         EV: 14    Int: 10    God:    Hepliaklqana [******]
Gold: 3772          SH: 13    Dex: 10    Spells: 16/16 levels left

rFire   + . .        I - +6 mace "Orb Guardian's Doom" {heavy, +Blink}
rCold   + . .        B - +1 kite shield {reflect}
rNeg    + . .        o - +0 pearl dragon scales
rPois   +            A - +1 hat {Stlth+}
rElec   +            G - scarf of Buoz {rC+ rF+, Int+3}
rCorr   .            P - +2 pair of gloves {Stlth+}
SInv    .            U - +2 pair of boots {rampage}
Will    +....        w - amulet "Trusted Companion" {RegenMP rPois}
Stlth   ++           m - +4 ring of protection
HPRegen 0.43/turn    F - +6 ring of strength
MPRegen 0.57/turn

%: reflection, rampage
@: about to teleport, on blink cooldown, slowed, studying 2 skills, drained,
very slow
A: reduced essence, horns 2, retaliatory headbutt, electricity resistance,
evolution 1
a: Renounce Religion, Evoke Blink, Recall Ancestor, Ancestor Identity,
Transference, Idealise


You were on level 3 of the Snake Pit.
You worshipped Hepliaklqana.
Hepliaklqana was exalted by your worship.
You visited 6 branches of the dungeon, and saw 27 of its levels.
You also visited: Gauntlet and Volcano.

You collected 3992 gold pieces.
You spent 220 gold pieces at shops.

Inventory:

Hand Weapons
 a - a +1 flail
 y - the +4 whip "Mogroge" {freeze, ^Drain Str+4 Dex+3 SInv}
   (You found it on level 6 of the Dungeon)

   Str+4:     It affects your strength (+4).
   Dex+3:     It affects your dexterity (+3).
   SInv:      It lets you see invisible.
   ^Drain:    It drains your maximum health when unequipped.
 I - the +6 mace "Orb Guardian's Doom" (weapon) {heavy, +Blink}
   (You found it on level 10 of the Dungeon)

   +Blink:    It lets you blink.
Missiles
 k - 9 curare-tipped darts (quivered)
 v - 8 silver javelins
Armour
 c - a +2 plate armour of fire resistance
 o - +0 pearl dragon scales (worn)
 A - a +1 hat of stealth (worn)
 B - a +1 kite shield of reflection (worn)
 G - the scarf of Buoz (worn) {rC+ rF+, Int+3}
   (You bought it in a shop on level 1 of the Snake Pit)

   Int+3:     It affects your intelligence (+3).
 O - a +2 cloak
 P - a +2 pair of gloves of stealth (worn)
 U - a +2 pair of boots of rampaging (worn)
Jewellery
 m - a +4 ring of protection (left hand)
 w - the amulet "Trusted Companion" (around neck) {RegenMP rPois}
   (You found it on level 10 of the Dungeon)

   [amulet of magic regeneration]

   RegenMP:   It increases your rate of magic regeneration.
   rPois:     It protects you from poison
 x - a +6 ring of intelligence
 F - a +6 ring of strength (right hand)
 K - an amulet of reflection
 N - a ring of protection from fire
 X - the amulet "Ocwapi" {Spirit Harm rF- Int+5}
   (You found it in a Gauntlet)

   [amulet of guardian spirit]

   Spirit:    It causes incoming damage to be divided between your reserves of
   health and magic.
   Int+5:     It affects your intelligence (+5).
   rF-:       It makes you vulnerable to fire.
   Harm:      It increases damage dealt and taken.
 Y - an amulet of the acrobat
Talismans
 j - the death talisman of Gilomuif {Will++}
   (You found it on level 11 of the Dungeon)

   [talisman of death]

   Will++:    It greatly increases your willpower.
Wands
 b - a wand of mindburst (3)
 r - a wand of roots (27)
 C - a wand of acid (15)
 D - a wand of charming (26)
 E - a wand of flame (64)
 W - a wand of digging (8)
 Z - a wand of polymorph (4)
Scrolls
 e - 8 scrolls of teleportation
 f - 3 scrolls of poison
 i - 2 scrolls of enchant armour
 l - 3 scrolls of torment
 t - a scroll of fog
 u - 4 scrolls of brand weapon
 z - 2 scrolls of immolation
 H - a scroll of amnesia
 M - a scroll of summoning
 Q - 6 scrolls of identify
 R - 3 scrolls of revelation
 T - a scroll of vulnerability
 V - 2 scrolls of enchant weapon
Potions
 d - 6 potions of might
 g - 3 potions of magic
 h - a potion of cancellation {unknown}
 n - 4 potions of lignification
 p - 3 potions of haste
 J - a potion of attraction {unknown}
 L - 4 potions of brilliance
 S - a potion of enlightenment


   Skills:
 + Level 18.6 Fighting
 - Level 12.5(15.8) Axes
 + Level 15.5(17.3) Maces & Flails
 + Level 16.4 Armour
 - Level 12.1 Dodging
 + Level 1.0 Stealth
 + Level 15.1 Shields
 - Level 6.8 Invocations
 + Level 8.2 Shapeshifting


You had 16 spell levels left.
You didn't know any spells.
Your spell library contained the following spells:

 Spells                   Type           Power      Damage    Failure   Level
 Apportation              Tloc           0%         N/A       65%         1
 Magic Dart               Conj           0%         1d3       65%         1
 Necrotise                Necr           0%         1d4       65%         1
 Sting                    Conj/Alch      0%         1d3       65%         1
 Summon Small Mammal      Summ           0%         N/A       65%         1
 Cigotuvi's Dreadful Rot  Necr/Alch/Air  0%         N/A       78%         2
 Ensorcelled Hibernation  Hex/Ice        0%         N/A       78%         2
 Jinxbite                 Hex            0%         N/A       78%         2
 Mercury Vapours          Alch/Air       0%         N/A       78%         2
 Searing Ray              Conj           0%         2d4       78%         2
 Call Canine Familiar     Summ           0%         N/A       95%         3
 Fugue of the Fallen      Necr           0%         N/A       95%         3
 Sigil of Binding         Hex            0%         N/A       95%         3
 Stone Arrow              Conj/Erth      0%         3d7       95%         3
 Tukima's Dance           Hex            0%         N/A       95%         3
 Anguish                  Hex/Necr       0%         N/A       100%        4
 Animate Armour           Summ/Erth      0%         N/A       100%        4
 Brom's Barrelling Bould  Conj/Erth      0%         2d3       100%        4
 Dimensional Bullseye     Hex/Tloc       0%         N/A       100%        4
 Fulminant Prism          Conj/Alch      0%         3d5       100%        4
 Ignite Poison            Fire/Alch      0%         N/A       100%        4
 Iskenderun's Mystic Bla  Conj/Tloc      0%         2d3       100%        4
 Olgreb's Toxic Radiance  Alch           0%         N/A       100%        4
 Summon Blazeheart Golem  Fire/Summ      0%         N/A       100%        4
 Alistair's Intoxication  Alch           0%         N/A       100%        5
 Fireball                 Conj/Fire      0%         3d3       100%        5
 Freezing Cloud           Conj/Ice/Air   0%         6-21      100%        5
 Iskenderun's Battlesphe  Conj           0%         2d6       100%        5
 Yara's Violent Unravell  Hex/Alch       0%         3d3       100%        5
 Bombard                  Conj/Erth      0%         9d1       100%        6
 Conjure Ball Lightning   Conj/Air       0%         3x3d6     100%        6
 Enfeeble                 Hex            0%         N/A       100%        7
 Orb of Destruction       Conj           0%         9d5       100%        7
 Spellforged Servitor     Conj/Summ      0%         N/A       100%        7
 Lehudib's Crystal Spear  Conj/Erth      0%         10d2      100%        8


Dungeon Overview and Level Annotations

Branches:
Dungeon (15/15)            Temple (1/1) D:7            Lair (5/5) D:9
 Shoals (0/4) Lair:3        Snake (3/4) Lair:3        Slime (0/5) Lair:4
    Orc (2/2) D:11            Elf (0/3) Orc:2        Vaults (0/5) D:14
 Depths (1/4) D:15        Volcano (visited)         Gauntlet (visited)

Altars:
Ashenzari
Cheibriados
Dithmenos
Elyvilon
Fedhas
Gozag
Hepliaklqana
Kikubaaqudgha
Makhleb
Nemelex Xobeh
Okawaru
Qazlal
Ru
Sif Muna
Trog
Uskayaw
Vehumet
Wu Jian
Xom
Yredelemnul
Zin
The Shining One

Shops:
D:6 (   Orc:2 ==([   Snake:1 [:*((   Snake:2 =

Annotations:
D:14 2 transporters, Biekhle's ghost, journeyman DrAl
Snake:3 2 transporters, Donald; Unna's ghost, adept DsNe


Innate Abilities, Weirdness & Mutations

Your life essence is reduced to manifest your ancestor. (-10% HP)
You have a pair of horns on your head.
You reflexively headbutt those who attack you in melee.
You are resistant to electric shocks. (rElec)
You have hidden genetic potential.


Message History

You blink.
Donald says, "I'm sick of this place.
Or maybe that's poison..."
Okay, then.
Aiming: Fastroot
Press: ? - help, Shift-Dir - straight line, f - Donald
Aim: Donald, wielding a +2 scimitar of draining, wearing a +0 plate armour of willpower and wearing a +0 kite shield (heavily wounded, fast, strong)
The roots erupt in riotous growth!
Roots grab Donald.
Roots grab the guardian serpent.
The grasping roots constrict Donald, but do no damage.
The grasping roots constrict the guardian serpent, but do no damage.
You hear a shout!
Donald says, "That colour you're wearing?
I hate that."
Donald struggles to escape constriction.
The guardian serpent struggles to escape constriction.
Donald struggles to escape constriction.
The guardian serpent struggles to escape constriction.
Donald says, "You'd think there'd be more pits.
I haven't seen any."
Donald struggles to escape constriction.
Aiming: Fastroot
Press: ? - help, Shift-Dir - straight line, f/p - Donald
Aim: Donald, wielding a +2 scimitar of draining, wearing a +0 plate armour of willpower and wearing a +0 kite shield (heavily wounded, fast, strong, constricted by roots)
The roots erupt in riotous growth!
Donald is unaffected.
The guardian serpent is unaffected.
The grasping roots constrict Donald.
The grasping roots constrict the guardian serpent.
You kill the guardian serpent!
The roots release their grip on Donald.
Aiming: Fastroot
Press: ? - help, Shift-Dir - straight line, f/p - Donald
Aim: Donald, wielding a +2 scimitar of draining, wearing a +0 plate armour of willpower and wearing a +0 kite shield (heavily wounded, fast, strong)
The roots erupt in riotous growth!
Roots grab Donald.
The grasping roots constrict Donald, but do no damage.
Donald escapes!
Unknown command.
Okay, then.
As you read the scroll of teleportation, it crumbles to dust.
You feel strangely unstable.
Donald hits you with a +2 scimitar of draining!!
You die...
Donald says, "I won.
I... don't hate that."

#......# ##.########
#......## #.#
#.......####.#####
#................####
#...................#
#.....#########.....#
#....##©....N.##....#
#....#8..#.#N.8#....#
#...@#SS#...#.?#...##
#...@#NN......?#...#
#...©#WS..©...?#©..##
#....#.N......?#.....
#....#..#...#.$#..###
###..#8..#.#.?8#.....
#.$##.......##...##
#..)#########......
#................#.


You could see Donald (fast, strong), a nagaraja, a naga sharpshooter, an
anaconda, 2 black mambas, a naga and Unna's ghost.

Vanquished Creatures
  Rupert (D:13)
  An orc warlord (Orc:1)
  Azrael (D:15)
  A red draconian (Volcano)
  4 entropy weavers (D:10)
  Fannar (D:10)
  A catoblepas (Gauntlet)
  2 ogre magi
  7 centaur warriors
  3 ghost crabs (D:10)
  6 hydras
  Erica (D:8)
  6 anacondas
  9 two-headed ogres
  4 boulder beetles
  6 naga warriors
  11 naga sharpshooters
  2 tengu warriors
  3 orc high priests (Orc:2)
  3 shock serpents
  3 skeletal warriors (D:15)
  3 fire crabs (D:10)
  5 skysharks
  A deep troll (D:14)
  3 harpies (Lair:3)
  Pikel (D:4)
  An obsidian statue (Volcano)
  10 ugly things
  An orc knight (Orc:1)
  A wolf spider (D:15)
  3 orc sorcerers
  A necromancer (D:15)
  6 mana vipers
  2 manticores
  6 kobold blastminers
  7 salamanders
  5 cyclopes
  A meliai (D:12)
  6 elephants
  5 guardian serpents
  9 black mambas
  An apocalypse crab (D:10)
  A molten gargoyle (Gauntlet)
  A torpor snail (Lair:5)
  19 cane toads
  12 naga magi
  A gargoyle (D:10)
  2 unseen horrors
  11 komodo dragons
  2 yaktaurs
  A yaktaur (shapeshifter) (D:11)
  A tengu conjurer (D:14)
  An efreet (D:14)
  3 polar bears
  6 trolls
  2 hornets
  3 tyrant leeches (Lair:5)
  Prince Ribbit (Lair:3)
  15 blink frogs
  A spriggan zombie (D:15)
  4 dream sheep (Lair:3)
  6 slime creatures (D:12)
  A shadow (D:12)
  2 centaur simulacra
  A spriggan (shapeshifter) (D:14)
  3 wraiths
  2 wyverns
  A fire elemental (D:15)
  22 yaks
  2 fire bats (Volcano)
  3 steam dragons
  A neqoxec (Gauntlet)
  Grum (D:8)
  2 basilisks
  3 chaos spawn (Gauntlet)
  8 vampire mosquitoes
  Menkaure (D:5)
  33 nagas
  2 acid dragons
  A hell hound (D:15)
  7 water moccasins
  A black bear (Lair:1)
  3 sky beasts
  28 orc warriors
  6 ice beasts
  10 ogres
  11 wolves
  16 centaurs
  3 kobold brigands
  A lemure (D:5)
  12 bullfrogs
  A gnoll sergeant (D:8)
  3 scorpions
  5 wights (D:6)
  12 killer bees
  2 howler monkeys (D:8)
  An electric eel (D:10)
  2 bombardier beetles
  3 lava snakes (Volcano)
  3 hounds
  14 orc priests
  2 jellies
  A gnoll bouda (D:6)
  An iguana (D:6)
  2 sleepcaps
  15 orc wizards
  12 gnolls
  7 adders
  2 shadow imps
  A dart slug (D:2)
  74 orcs
  2 endoplasms (D:1)
  4 giant cockroaches
  2 goblins
  7 hobgoblins
  6 jackals
  11 kobolds
  9 ball pythons
  8 bats
  A frilled lizard (D:2)
  14 rats
661 creatures vanquished.

Vanquished Creatures (collateral kills)
  Nikola (Snake:2)
  Jorgrun (D:13)
  Gastronok (D:8)
  Frances (D:13)
  A minotaur (Gauntlet)
  A hydra (Lair:5)
  An ice dragon (D:14)
  A boulder beetle (D:12)
  2 catoblepae
  3 two-headed ogres
  3 centaur warriors (D:15)
  2 naga warriors
  An orc high priest (Orc:2)
  Urug (D:12)
  A naga sharpshooter (Snake:2)
  A shock serpent (Snake:3)
  A vampire mage (D:15)
  A hell knight (Depths:1)
  A fire crab (D:10)
  A spark wasp zombie (D:15)
  A mana viper (Snake:3)
  A deep elf pyromancer (D:13)
  An orc knight (Orc:2)
  4 ugly things (D:15)
  3 salamanders
  An orc sorcerer (Orc:2)
  A manticore (D:11)
  2 black mambas (Snake:2)
  3 slime creatures (D:12)
  An elephant (Lair:2)
  2 kobold blastminers
  A gargoyle (Gauntlet)
  4 cane toads
  A yaktaur (Volcano)
  A freezing wraith (D:11)
  2 rime drakes
  3 komodo dragons
  A queen bee (Gauntlet)
  A hornet (D:10)
  3 trolls
  5 blink frogs
  3 dream sheep (Lair:3)
  2 shadows
  A water elemental (D:13)
  A fire bat (Volcano)
  13 yaks
  7 wargs
  2 basilisks
  2 vampire mosquitoes
  2 acid dragons
  10 nagas
  2 hell hounds (D:15)
  A black bear (Lair:3)
  7 orc warriors
  A sky beast (D:8)
  6 centaurs
  2 ogres
  8 wolves
  5 bullfrogs
  2 gnoll sergeants (D:11)
  3 killer bees
  3 electric eels
  A howler monkey (D:8)
  2 lava snakes (Volcano)
  3 orc priests (Orc:2)
  7 orc wizards
  A spriggan simulacrum (D:11)
  A gnoll (D:11)
  30 orcs
  2 kobolds
198 creatures vanquished.

Vanquished Creatures (others)
  A naga warrior (Snake:1)
  An ancestor (D:8)
  15 battlemagi
  An orc wizard (D:10)
18 creatures vanquished.

Grand Total: 877 creatures vanquished

Notes
Turn   | Place    | Note
-------+----------+-------------------------------------------
     0 | D:1      | bmb222 the Minotaur Fighter began the quest for the Orb.
     0 | D:1      | Reached XP level 1. HP: 19/19 MP: 0/0
   179 | D:1      | Reached XP level 2. HP: 25/27 MP: 1/1
   321 | D:1      | Found a faded altar of an unknown god.
   680 | D:2      | Reached skill level 4 in Fighting
   705 | D:2      | Reached XP level 3. HP: 21/33 MP: 2/2
   963 | D:2      | Reached XP level 4. HP: 40/40 MP: 3/3
  1640 | D:3      | Reached XP level 5. HP: 47/47 MP: 4/4
  2036 | D:4      | Found a shimmering blue altar of Sif Muna.
  2036 | D:4      | Found a white marble altar of Elyvilon.
  2036 | D:4      | Found an ancient bone altar of Kikubaaqudgha.
  2037 | D:4      | Found a stormy altar of Qazlal.
  2329 | D:4      | Reached skill level 5 in Fighting
  2440 | D:4      | Reached skill level 5 in Armour
  2440 | D:4      | Reached skill level 5 in Shields
  3030 | D:5      | Entered Level 5 of the Dungeon
  3086 | D:5      | Noticed a water moccasin
  3094 | D:5      | Killed a water moccasin
  3095 | D:5      | Reached XP level 6. HP: 49/57 MP: 5/5
  3337 | D:5      | Reached skill level 6 in Fighting
  3444 | D:5      | Reached skill level 5 in Maces & Flails
  3626 | D:5      | Noticed Menkaure
  3630 | D:5      | Killed Menkaure
  3631 | D:5      | Reached XP level 7. HP: 58/64 MP: 6/6
  3667 | D:5      | Reached skill level 7 in Fighting
  3772 | D:5      | Noticed Pikel
  3857 | D:4      | Killed Pikel
  3858 | D:4      | Reached skill level 8 in Fighting
  3858 | D:4      | Reached XP level 8. HP: 42/75 MP: 7/7
  4246 | D:6      | Reached skill level 9 in Fighting
  4340 | D:6      | Found a basalt altar of Yredelemnul.
  4426 | D:6      | Reached skill level 10 in Fighting
  4533 | D:6      | Reached XP level 9. HP: 58/85 MP: 8/8
  4764 | D:6      | Found an ornate altar of the Wu Jian Council.
  4764 | D:6      | Found a blossoming altar of Fedhas.
  4783 | D:6      | Found Teakk's Antique Weapon Shop.
  4844 | D:6      | Identified the +4 whip "Mogroge" {freeze, ^Drain Str+4
                  | Dex+3 SInv}
  4917 | D:6      | Found a hide-covered altar of Uskayaw.
  5423 | D:7      | Found a staircase to the Ecumenical Temple.
  5439 | D:7      | Reached skill level 11 in Fighting
  5491 | Temple   | Entered the Ecumenical Temple
  5567 | Temple   | Became a worshipper of Hepliaklqana the Forgotten
  5606 | D:7      | Noticed a cyclops
  5616 | D:7      | Killed a cyclops
  6669 | D:8      | Reached skill level 12 in Fighting
  6836 | D:8      | Noticed an unseen horror
  6847 | D:8      | Noticed a two-headed ogre
  6866 | D:8      | Killed an unseen horror
  6870 | D:8      | Reached XP level 10. HP: 84/99 MP: 9/9
  6875 | D:8      | Reached * piety under Hepliaklqana
  6886 | D:8      | Noticed a two-headed ogre
  6900 | D:8      | Killed a two-headed ogre
  6906 | D:8      | Noticed Gastronok
  6927 | D:8      | Killed Gastronok
  6928 | D:8      | Reached skill level 13 in Fighting
  6928 | D:8      | Reached skill level 10 in Armour
  6928 | D:8      | Reached skill level 10 in Shields
  6953 | D:8      | Reached skill level 10 in Maces & Flails
  7236 | D:8      | Noticed Grum
  7239 | D:8      | Reached skill level 14 in Fighting
  7260 | D:8      | Killed Grum
  7772 | D:8      | Noticed Erica
  7786 | D:8      | Killed Erica
  7787 | D:8      | Reached XP level 11. HP: 33/99 MP: 10/10
  8148 | D:9      | Found a staircase to the Lair.
  8342 | D:9      | Found a broken altar of Ashenzari.
  8343 | D:9      | Found a shadowy altar of Dithmenos.
  8345 | D:9      | Found a glowing golden altar of the Shining One.
  8355 | D:9      | Found a snail-covered altar of Cheibriados.
  8443 | D:9      | Found an iron altar of Okawaru.
  8480 | D:9      | Found a bloodstained altar of Trog.
  9113 | D:9      | Noticed a two-headed ogre
  9118 | D:9      | Killed a two-headed ogre
  9138 | D:9      | Found an opulent altar of Gozag.
  9138 | D:9      | Found a sparkling altar of Nemelex Xobeh.
  9164 | D:10     | Entered Level 10 of the Dungeon
  9181 | D:10     | Found a runed translucent door.
  9195 | D:10     | Reached skill level 15 in Fighting
  9438 | D:10     | Noticed Fannar
  9472 | D:10     | Killed Fannar
  9743 | D:10     | Reached ** piety under Hepliaklqana
  9744 | D:10     | Remembered your ancestor Nammahani as a battlemage
  9762 | D:10     | Noticed a two-headed ogre
  9770 | D:10     | Killed a two-headed ogre
  9864 | D:10     | Noticed a two-headed ogre
  9871 | D:10     | Killed a two-headed ogre
  9989 | D:10     | Noticed a fire crab
 10602 | D:10     | Killed a fire crab
 10811 | D:10     | Noticed a fire crab
 11213 | Lair:1   | Entered Level 1 of the Lair of Beasts
 11244 | Lair:1   | Reached skill level 16 in Fighting
 11427 | Lair:1   | Reached skill level 1 in Dodging
 11432 | Lair:1   | Reached XP level 12. HP: 81/109 MP: 11/11
 12178 | Lair:2   | Noticed a catoblepas
 12194 | Lair:2   | Killed a catoblepas
 12214 | Lair:2   | Reached skill level 5 in Dodging
 12412 | Lair:2   | Reached *** piety under Hepliaklqana
 12689 | Lair:2   | Found a dark tunnel.
 12694 | Volcano  | Entered a volcano
 12695 | Volcano  | Reached XP level 13. HP: 116/116 MP: 12/12
 12785 | Volcano  | Noticed a red draconian
 12804 | Volcano  | Killed a red draconian
 12818 | Volcano  | Found a radiant altar of Vehumet.
 12861 | Volcano  | Found a bloodstained altar of Trog.
 13607 | Lair:3   | Noticed Prince Ribbit
 13617 | Lair:3   | Killed Prince Ribbit
 13859 | Lair:3   | Reached skill level 10 in Dodging
 13984 | Lair:3   | Found a staircase to the Shoals.
 13990 | Lair:3   | Reached XP level 14. HP: 117/124 MP: 13/13
 14047 | Lair:3   | Found a staircase to the Snake Pit.
 14061 | Lair:3   | Reached skill level 17 in Fighting
 14387 | Lair:4   | Reached **** piety under Hepliaklqana
 14421 | Lair:4   | Found a staircase to the Slime Pits.
 15287 | Lair:5   | Entered Level 5 of the Lair of Beasts
 15817 | Lair:5   | Reached skill level 18 in Fighting
 16117 | Lair:5   | Reached skill level 15 in Armour
 16117 | Lair:5   | Reached skill level 15 in Shields
 16265 | Lair:5   | Reached ***** piety under Hepliaklqana
 16747 | D:11     | Found a gate leading to a gauntlet.
 16750 | Gauntlet | Entered a Gauntlet
 16750 | Gauntlet | Found a transporter.
 16759 | Gauntlet | Found a transporter.
 16761 | Gauntlet | Found a transporter.
 16763 | Gauntlet | Found a transporter.
 16778 | Gauntlet | Found a transporter.
 16792 | Gauntlet | Found a transporter.
 16797 | Gauntlet | Found a transporter.
 16812 | Gauntlet | Found a transporter.
 16831 | Gauntlet | Found a transporter.
 16839 | Gauntlet | Noticed a balrug
 16843 | Gauntlet | Found a transporter.
 16855 | Gauntlet | Found a transporter.
 16867 | Gauntlet | Found a transporter.
 16879 | Gauntlet | Found a transporter.
 16897 | Gauntlet | Found a transporter.
 16918 | Gauntlet | Found a transporter.
 16920 | Gauntlet | Found a transporter.
 16984 | Gauntlet | Found a transporter.
 16986 | Gauntlet | Found a transporter.
 17129 | Gauntlet | Gained mutation: You are partially covered in iridescent
                  | scales. (AC +2) [a neqoxec]
 17323 | Gauntlet | Identified the amulet "Ocwapi" {Spirit Harm rF- Int+5}
 17347 | Gauntlet | Identified the +9 rapier of War {flame, ^Drain rCorr
                  | Stlth+}
 17411 | D:11     | Lost mutation: You are partially covered in iridescent
                  | scales. (AC +2) [potion of mutation]
 17411 | D:11     | Gained mutation: You are agile. (Dex +4, Str/Int -1)
                  | [potion of mutation]
 17411 | D:11     | Gained mutation: You have hidden genetic defects. [potion
                  | of mutation]
 17606 | D:11     | Reached XP level 15. HP: 131/134 MP: 14/14
 17643 | D:11     | Identified the +8 broad axe of the Beast {heavy, *Slow Fly
                  | rPois MP-9}
 17643 | D:11     | Identified the +1 morningstar of Zophim {elec, Will+}
 17860 | D:11     | Gained mutation: You occasionally shout uncontrollably at
                  | your foes. [hidden defects]
 17874 | D:11     | Found a staircase to the Orcish Mines.
 17903 | D:11     | Identified the death talisman of Gilomuif {Will++}
 18209 | D:12     | Reached skill level 15 in Maces & Flails
 18274 | D:12     | Noticed Urug
 18284 | D:12     | Killed Urug
 18441 | Orc:1    | Entered Level 1 of the Orcish Mines
 18524 | Orc:1    | Reached skill level 1 in Invocations
 18796 | Orc:2    | Entered Level 2 of the Orcish Mines
 18971 | Orc:2    | Found a staircase to the Elven Halls.
 19284 | Orc:2    | Reached skill level 5 in Invocations
 19295 | Orc:2    | Gained mutation: You are frail. (-10% HP) [hidden defects]
 19295 | Orc:2    | Lost mutation: You have hidden genetic defects. [hidden
                  | defects expressed]
 19375 | Orc:2    | Found Cekearr's Jewellery Shoppe.
 19536 | Orc:2    | Found Houhicik's Jewellery Boutique.
 20005 | Orc:2    | Lost mutation: You are agile. (Dex +4, Str/Int -1) [a
                  | neqoxec]
 20019 | Orc:2    | Gained mutation: Your body sometimes deteriorates upon
                  | taking damage. [a neqoxec]
 20050 | Orc:2    | Paralysed by an orc sorcerer for 3 turns
 20322 | Orc:1    | HP: 1/119 [orc knight/+0 war axe (28)]
 20866 | Orc:2    | Found Teoth's Antique Armour Boutique.
 20903 | Orc:2    | Found Apiewats's Antique Weapon Shop.
 21059 | D:12     | Lost mutation: You occasionally shout uncontrollably at
                  | your foes. [potion of mutation]
 21059 | D:12     | Lost mutation: You are frail. (-10% HP) [potion of
                  | mutation]
 21059 | D:12     | Lost mutation: Your body sometimes deteriorates upon taking
                  | damage. [potion of mutation]
 21059 | D:12     | Gained mutation: Your skin changes colour to match your
                  | surroundings (Stealth+). [potion of mutation]
 21059 | D:12     | Gained mutation: You occasionally lose the ability to drink
                  | potions when taking damage. [potion of mutation]
 21059 | D:12     | Gained mutation: You have a pair of large horns on your
                  | head. [potion of mutation]
 21310 | D:12     | Reached ****** piety under Hepliaklqana
 21821 | D:13     | Reached skill level 1 in Shapeshifting
 21890 | D:13     | Noticed Rupert
 21912 | D:13     | Killed Rupert
 22342 | D:13     | Noticed Jorgrun
 22355 | D:13     | Killed Jorgrun
 22356 | D:13     | Noticed Frances
 22370 | D:13     | Killed Frances
 22371 | D:13     | Reached XP level 16. HP: 104/141 MP: 20/20
 22469 | D:13     | Found a blossoming altar of Fedhas.
 22881 | D:14     | Found a transporter.
 22893 | D:14     | Noticed Biekhle's ghost (journeyman DrAl)
 22902 | D:14     | Found a transporter.
 22935 | D:14     | Identified a scroll of acquirement
 22955 | D:14     | Reached skill level 5 in Shapeshifting
 23048 | D:14     | Acquired 1068 gold pieces
 23069 | D:14     | Found a shimmering altar of Xom.
 23112 | D:14     | Lost mutation: Your skin changes colour to match your
                  | surroundings (Stealth+). [potion of mutation]
 23112 | D:14     | Lost mutation: You have a pair of large horns on your head.
                  | [potion of mutation]
 23112 | D:14     | Gained mutation: Your system is resistant to poisons.
                  | (rPois) [potion of mutation]
 23112 | D:14     | Gained mutation: Your mind is acute. (Int +4, Str/Dex -1)
                  | [potion of mutation]
 23113 | D:14     | Lost mutation: You occasionally lose the ability to drink
                  | potions when taking damage. [potion of mutation]
 23113 | D:14     | Lost mutation: Your mind is acute. (Int +4, Str/Dex -1)
                  | [potion of mutation]
 23113 | D:14     | Lost mutation: Your system is resistant to poisons. (rPois)
                  | [potion of mutation]
 23113 | D:14     | Gained mutation: You have hidden genetic potential. [potion
                  | of mutation]
 23128 | D:14     | Found a snail-covered altar of Cheibriados.
 23407 | D:14     | Found a gate to the Vaults.
 23518 | D:15     | Entered Level 15 of the Dungeon
 23520 | D:15     | Noticed Azrael
 23544 | D:15     | Killed Azrael
 24011 | D:15     | Found a staircase to the Depths.
 24686 | Depths:1 | Entered Level 1 of the Depths
 25526 | Snake:1  | Entered Level 1 of the Snake Pit
 26209 | D:10     | Reached skill level 1 in Axes
 26696 | D:10     | Reached skill level 5 in Axes
 26707 | D:10     | Identified the +6 mace "Orb Guardian's Doom" {heavy,
                  | +Blink}
 26708 | D:10     | Identified the amulet "Trusted Companion" {RegenMP rPois}
 26937 | Snake:1  | Found Wudyenty's Antique Armour Boutique.
 26939 | Snake:1  | Found Logua's Weapon Shop.
 26939 | Snake:1  | Found Dynnir's Assorted Antiques.
 27474 | Snake:1  | Found Kamusi's Weapon Shop.
 27519 | Snake:1  | Bought a twisted scarf for 220 gold pieces
 27519 | Snake:1  | Identified the scarf of Buoz {rC+ rF+, Int+3} (You bought
                  | it in a shop on level 1 of the Snake Pit)
 27993 | Snake:1  | Found Viagiu's Tiny Tomes.
 28543 | Snake:2  | Reached XP level 17. HP: 109/149 MP: 21/21
 29116 | Snake:2  | Found Wush's Jewellery Emporium.
 29134 | Snake:2  | Reached skill level 10 in Axes
 29181 | Snake:2  | Gained mutation: You are resistant to electric shocks.
                  | (rElec) [hidden potential]
 29552 | Snake:2  | Noticed Nikola
 29562 | Snake:2  | Killed Nikola
 30877 | Snake:3  | Found a transporter.
 30878 | Snake:3  | Noticed Unna's ghost (adept DsNe)
 30880 | Snake:3  | Found a transporter.
 30999 | Snake:3  | Noticed Donald
 31008 | Snake:3  | Reached skill level 1 in Stealth
 31020 | Snake:3  | Mangled by Donald

Illustrated notes

Levels and vault maps discovered:
D:1:      co_arrival_square_in_a_square_in_a_square, layout_loops_ring,
          chequers_ecumenical_altar_twisty
D:2:      layout_basic, minmay_rat_gold_closets
D:3:      layout_basic
D:4:      layout_loops_ring, chequers_temple_overflow_statue_of_worship
D:5:      layout_gridville, minmay_misc_feat_ornament, uniq_menkaure, uniq_pikel
D:6:      layout_loops_ring, old_standard_altar,
          nicolae_uskayaw_murder_on_the_dancefloor,
          gammafunk_temple_overflow_wave, serial_shops, nicolae_shop_waterfront
D:7:      layout_basic, minmay_temple_entry_tees, minmay_manual_mess
D:8:      cheibrodos_fzero, layout_basic, uniq_erica, uniq_gastronok, uniq_grum
D:9:      layout_roguey [special_room_orc], grunt_temple_overflow_opulence,
          lightli_temple_of_fire, mainiacjoe_overflow_concentric_impassable,
          nicolae_overflow_quartered_altars
D:10:     gammafunk_mikee_crab_dinner, layout_gridville, minivault_14,
          corexii_leaking_fountain, uniq_fannar
D:11:     minmay_the_grid_plus [minmay_the_grid_x,
          minmay_the_grid_minigrid_small_alt, minmay_the_grid_diamond_grid,
          minmay_the_grid_tiny_cups, minmay_the_grid_prize_shrinking_boxes],
          layout_rooms, orc_0_dummy, gauntlet_entry_generic,
          portal_ice_cave_entry_ice_simulacra
D:12:     layout_small_grid, minmay_shattered_shrine, uniq_urug
D:13:     wad_woods_pond, layout_irregular_city, fedhas_altar_2, uniq_rupert,
          uniq_frances, uniq_jorgrun
D:14:     layout_rooms, david_vaults_4, cheibriados_altar_1,
          gammafunk_ghost_berserking_beasts, brannock_xom_greatest_gift
D:15:     gammafunk_depths_entry_grave, layout_gridville,
          dreamdust_wishing_well, uniq_azrael
Temple:   nicolae_temple_two_arcs
Lair:1:   layout_chaotic_city
Lair:2:   layout_regular_city, enter_volcano_4, small_statue_intersection,
          serial_bayou_shore_b
Lair:3:   layout_concentric_octagons, nicolae_shoals_entry_roost,
          guppyfry_snake_entry_garden, uniq_prince_ribbit2
Lair:4:   layout_regular_city, slime_entry_1, grunt_megastairs_2,
          lemuel_fruit_tree
Lair:5:   minmay_lair_end_frog_pond, layout_cave_pods, serial_bayou_shore_b,
          serial_bayou_shore_b, serial_bayou_shore_a
Snake:1:  layout_misc_corridors, nicolae_shop_i_like_small_books_too,
          minmay_shoptagon, grunt_megastairs_3
Snake:2:  layout_rooms, serial_shops, shop, grunt_megastairs_1, uniq_nikola
Snake:3:  layout_basic, gammafunk_ghost_arena, uniq_donald
Orc:1:    layout_caves
Orc:2:    grunt_orc_community_town_hall, layout_caves,
          grunt_orc_community_big_house_1, grunt_orc_community_big_house_1,
          grunt_orc_community_house_2, grunt_orc_community_house_3,
          grunt_orc_community_house_1, grunt_orc_community_house_3,
          grunt_orc_community_house_2, grunt_orc_community_house_2
Depths:1: minmay_tri_stars, layout_basic, enter_ziggurat_b, hell_entry,
          lemuel_statue_altar, nrook_pool_corridor, hangedman_decor_riveting,
          grunt_decor_fettered, kennysheep_generic_room_6, uniq_norris

Skill      XL: |  1  2  3  4  5  6  7  8  9 10 11 12 13 14 15 16 17 |
---------------+----------------------------------------------------+-----
Shields        | 4 5 6 7 9 10 12 13 14 15 | 15.1
Armour         | 4 5 6 8 9 10 12 13 14 15 16 | 16.4
Fighting       | 4 5 6 8 10 12 14 16 18 | 18.6
Maces & Flails | 3 4 5 6 7 9 10 11 13 15 | 15.5
Dodging        | 1 8 10 12 | 12.1
Invocations    | 6 |  6.8
Shapeshifting  | 4 8 |  8.2
Axes           | 8 12 | 12.5
Stealth        | 1 |  1.0

Action                     |  1- 3 |  4- 6 |  7- 9 | 10-12 | 13-15 | 16-18 || total
---------------------------+-------+-------+-------+-------+-------+-------++-------
  Melee: Flail             |    70 |   114 |   165 |       |       |       ||   349
         Headbutt          |     8 |    13 |    56 |   115 |   327 |   185 ||   704
         Whip              |       |       |    86 |   458 |  1196 |   375 ||  2115
         Mace              |       |       |       |       |       |   267 ||   267
 Invoke: Ancestor Identity |       |       |       |     1 |       |       ||     1
         Recall Ancestor   |       |       |       |     1 |     2 |     2 ||     5
         Ancestor Life: Ba |       |       |       |     1 |       |       ||     1
Ability: Evoke Blink       |       |       |       |       |       |     2 ||     2
  Evoke: Wand              |       |       |       |     6 |       |     5 ||    11
    Use: Scroll            |       |       |     1 |    16 |     7 |     5 ||    29
         Potion            |       |       |       |     1 |    12 |     8 ||    21
   Stab: Distracted        |       |       |       |     3 |     8 |     9 ||    20
 Armour: Scale mail        |    54 |    61 |       |       |       |       ||   115
         Chain mail        |       |    32 |   162 |   260 |   324 |       ||   778
         Plate armour      |       |       |       |       |    43 |   447 ||   490
         Pearl dragon scal |       |       |       |       |       |    51 ||    51
  Dodge: Dodged            |    48 |    50 |    69 |   116 |   310 |   225 ||   818
         Repelled          |       |       |       |       |     2 |       ||     2
  Block: Buckler           |    18 |    18 |    59 |   160 |   262 |       ||   517
         Reflection        |       |       |       |     1 |    46 |    56 ||   103
         Kite shield       |       |       |       |       |   433 |   598 ||  1031

Table legend: (Time is in decaauts)
 A = Elapsed time spent in this place.
 B = Non-inter-level travel time spent in this place.
 C = Inter-level travel time spent in this place.
 D = Time resting spent in this place.
 E = Time spent auto-exploring this place.
 F = Levels seen in this place.
 G = Mean time per level.
                   A        B        C        D        E       F      G
               +--------+--------+--------+--------+--------+-----+--------+
         Total |  30208 |  27843 |   2365 |   5531 |  16944 |  29 | 1041.7 |
       Dungeon |  16904 |  15464 |   1440 |   3001 |  10097 |  15 | 1126.9 |
        Temple |     84 |     84 |      0 |      0 |      0 |   1 |   84.0 |
          Lair |   5387 |   4822 |    565 |    318 |   3516 |   5 | 1077.4 |
     Snake Pit |   4406 |   4096 |    310 |   1636 |   1764 |   3 | 1468.7 |
  Orcish Mines |   2344 |   2295 |     49 |    407 |   1414 |   2 | 1172.0 |
        Depths |    174 |    174 |      0 |    153 |      0 |   1 |  174.0 |
       Volcano |    311 |    311 |      0 |     16 |     27 |   1 |  311.0 |
      Gauntlet |    595 |    595 |      0 |      0 |    126 |   1 |  595.0 |
               +--------+--------+--------+--------+--------+-----+--------+

Top non-repeatable levels by time:
    D:10: 2586 daAuts
 Snake:1: 1950 daAuts
 Snake:2: 1691 daAuts
     D:8: 1597 daAuts
    D:15: 1496 daAuts
   Orc:2: 1313 daAuts
     D:7: 1272 daAuts
  Lair:5: 1259 daAuts
  Lair:2: 1183 daAuts
     D:6: 1092 daAuts
     D:5: 1059 daAuts
  Lair:3: 1037 daAuts
   Orc:1: 1030 daAuts
     D:9: 1011 daAuts
  Lair:4: 988 daAuts
